AoeStats
← Eaglejet

Arena

509186199Analyzed
1v1 RM · 6d ago on Sep 25, 2026· 37m 29s· 2 players
Game mode
Random Map
Map size
Tiny (2 player)
Population
200
Speed
Normal
Resources
Standard
Victory
Conquest
Starting age
Dark Age
Ending age
Imperial Age
RankedLock teamsTeams togetherTeam positionsShared explorationLock speedFull tech treeHidden civsTurbo modeCheats
Victory
Defeat
🇫🇷 Franks · France
495
+6
🇮🇳 Berbers · India
224
-6
shaantiwari1711
0:54 Loom
2:00 Loom
3:33 Loom
9:43 Feudal Age
11:04 Double-Bit Axe
20:39 Castle Age
19:01 Horse Collar
19:17 Gold Mining
22:20 Fervor
22:37 Bow Saw
24:19 Husbandry
24:30 Bloodlines
25:04 Gold Shaft Mining
30:55 Stone Mining
31:13 Kasbah
31:19 Kasbah
32:37 Heavy Plow
34:36 Stone Shaft Mining
34:15 Masonry
34:17 Fortified Wall
33:49 Treadmill Crane
37:39 Imperial Age
35:32 Scale Barding Armor
35:41 Forging
37:19 Chain Barding Armor
Eaglejet
10:42 Feudal Age
11:59 Wheelbarrow
11:13 Double-Bit Axe
11:22 Stone Mining
19:16 Castle Age
20:14 Hand Cart
21:51 Bow Saw
22:00 Arson
22:16 Squires
21:36 Pikeman
24:44 Elite Skirmisher
26:48 Gold Mining
28:10 Husbandry
27:56 Treadmill Crane
28:37 Ballistics
31:30 Imperial Age
33:18 Chemistry
32:24 Siege Engineers
32:43 Cavalier
33:23 Town Watch
33:58 Forging
33:39 Fletching
33:49 Padded Archer Armor
35:50 Cranequins
Connection lost

Rejoining the realm…

Still unreachable

The connection could not be restored.

Session expired

The server has moved on; the page needs a fresh start.